[Event "3rd President Cup-A 2024"]
[Site "Tashkent"]
[Date "2024.11.27"]
[Round "7.12"]
[White "Ayush Sharma"]
[Black "Soham Kamotra"]
[Result "1/2-1/2"]
[ECO "B70"]
[WhiteElo "2464"]
[BlackElo "2420"]
[Annotator "TA"]
[PlyCount "142"]
[EventDate "2024.11.22"]
[EventType "swiss"]
[EventCountry "UZB"]
[SourceTitle "playchess.com"]
[Source "ChessBase"]
[SourceQuality "1"]
[TimeControl "5400+30"]

1. e4 c5 2. Nf3 d6 3. d4 cxd4 4. Nxd4 Nf6 5. Nc3 Nc6 6. g3 g6 7. Bg2 Nxd4 8. Qxd4 Bg7 9. e5 Nd7 10. Qa4 O-O 11. exd6 {[%emt 0:00:24] Bg5 is the strong threat.} Nc5 ({Black should play} 11... Nb6 $11 12. Qf4 exd6) 12. Qa3 $14 Qxd6 {[%emt 0:07:27][%cal Oc5d3] Threatens to win with ...Nd3+!} 13. O-O {[%emt 0:01:16] Hoping for Rd1.} Ne4 14. Qxd6 Nxd6 15. Nd5 e6 16. Ne7+ Kh8 17. Rd1 Nc4 18. Rb1 Bf6 $1 19. b3 Na5 20. b4 $36 {[%emt 0:13:34][%mdl 2048] Black is under strong pressure. White is much more active. The black rooks are passive.} Nc4 21. Nxc8 Raxc8 22. Bxb7 Rfd8 (22... Rc7 $142 23. Be4 Be7) 23. Bf4 $16 Nb2 24. Rxd8+ Rxd8 25. b5 Nd1 26. c4 (26. Bf3 $16 g5 27. Bxg5 (27. Rxd1 Rxd1+ 28. Bxd1 gxf4 $16) (27. Bc7 Rc8 $16) 27... Bxg5 28. Rxd1) 26... g5 $1 $14 27. Bc7 {[%emt 0:01:13] A strong pair of Bishops.} Rd2 28. Ba5 $1 Rxa2 29. Rxd1 Rxa5 {[%emt 0:00:02][%mdl 4096] Endgame. KRB-KRB} 30. Rd7 Ra1+ 31. Kg2 {[%emt 0:02:50][%cal Oc4c5] And now c5! would win.} Rc1 32. Rxf7 Bd4 33. Be4 Rxc4 34. Rxh7+ ({Don't play} 34. Bxh7 Rb4 $14) 34... Kg8 35. Rb7 Bb6 36. f3 Rc7 37. Rb8+ Kg7 38. Kh3 Bg1 39. Rd8 Bb6 40. Rd6 Kf6 41. Rc6 Rd7 $1 42. Kg4 Rd2 43. Bf5 Rd4+ 44. f4 gxf4 45. gxf4 Bc7 46. Rxe6+ Kf7 47. Re4 $1 Rxe4 48. Bxe4 $16 {[%emt 0:00:05] KB-KB} Kf6 49. h4 Bd6 50. h5 Bf8 51. Bd3 Bh6 52. Kf3 Bf8 53. Ke4 Bh6 54. Bc4 Bf8 55. Bg8 Bh6 56. Bh7 Ke6 57. f5+ Kf6 58. Kd5 Be3 59. Kd6 Bf4+ 60. Kd7 Be3 61. Bg6 Bf4 62. Ke8 Bh6 {[%emt 0:00:07] [#]} 63. Bh7 (63. Kd8 $1 $16) 63... Bg7 {[%emt 0:00:51] [#]} (63... Bg5 $14) 64. Kd7 $1 Bh6 65. Bg6 (65. Kc6 $16) 65... Be3 (65... Bf4 $1 $11 {remains equal.}) 66. Kc6 Kg5 67. Kb7 Bd4 68. Kc7 Be3 69. Kd7 Kf6 70. Bh7 Bh6 71. Ke8 Bg7 {[%emt 0:00:10] Weighted Error Value: White=0.04 (flawless) /Black=0.06 (flawless) .  Mistake:       	White=3     	Black=4      Inaccurate:     	---       	Black=2      OK:         	White=24    	Black=24     Best:        	White=9     	Black=7      Strong:       	White=3     	Black=3} 1/2-1/2

[Event "3rd President Cup-A 2024"]
[Site "Tashkent"]
[Date "2024.11.27"]
[Round "7.13"]
[White "Xu, Minghui"]
[Black "Suyarov, Mukhammadzokhid"]
[Result "1-0"]
[ECO "D46"]
[WhiteElo "2405"]
[BlackElo "2464"]
[Annotator "TA"]
[PlyCount "49"]
[EventDate "2024.11.22"]
[EventType "swiss"]
[EventCountry "UZB"]
[SourceTitle "playchess.com"]
[Source "ChessBase"]
[SourceQuality "1"]
[TimeControl "5400+30"]

1. d4 Nf6 2. c4 e6 3. Nf3 d5 4. Nc3 c6 5. e3 Nbd7 6. Qc2 Bd6 7. Be2 O-O 8. O-O dxc4 9. Bxc4 b5 10. Be2 Bb7 11. Rd1 Qc7 12. e4 {[%emt 0:00:20] Strongly threatening e5.} e5 13. Bg5 exd4 14. Rxd4 b4 {[%emt 0:29:48] White has an edge.} 15. Bxf6 (15. e5 {is more complex.} Nxe5 16. Bxf6 bxc3 17. Rad1) 15... Nxf6 16. Na4 {[%emt 0:02:05] And now Rad1 would win.} c5 {[%emt 0:03:18] [#]} (16... Rfe8 $11 {remains equal.} 17. Rad1 Bf8) 17. Rxd6 $1 $16 Qxd6 18. e5 Qe7 19. exf6 Qxf6 20. Qxc5 ({Don't play} 20. Nxc5 $6 Rac8 21. Rc1 Qe7 $11) 20... Bc6 (20... a5 $16) 21. Qxb4 $18 Rae8 (21... Rfb8 $142 22. Qa3 Bxa4 23. Qxa4 Rxb2) 22. Nc3 Rb8 {[%emt 0:02:28] White has a decisive advantage.} 23. Qa3 Rfd8 24. Rd1 ({Less strong is} 24. Qxa7 Rxb2 25. Qe3 Re8 $11 (25... Rxe2 26. Qxe2 Qxc3 27. Qe1 $14)) 24... Rxd1+ 25. Nxd1 {[%emt 0:00:38] Black got outplayed after the opening.   Weighted Error Value: White=0.00 (flawless) /Black=0.27 (precise) .  Mistake:       	---       	Black=3      OK:         	White=8     	Black=2      Best:        	White=2     	---        Brilliant:      	White=1     	---} 1-0

[Event "3rd President Cup-A 2024"]
[Site "Tashkent"]
[Date "2024.11.27"]
[Round "7.14"]
[White "Audi Ameya"]
[Black "Tabatabaei, M. Amin"]
[Result "1-0"]
[ECO "B48"]
[WhiteElo "2412"]
[BlackElo "2686"]
[Annotator "RC"]
[PlyCount "115"]
[EventDate "2024.11.22"]
[EventType "swiss"]
[EventCountry "UZB"]
[SourceTitle "playchess.com"]
[Source "ChessBase"]
[SourceQuality "1"]
[TimeControl "5400+30"]

1. e4 c5 2. Nf3 e6 3. d4 cxd4 4. Nxd4 Nc6 5. Nc3 Qc7 6. Be3 a6 7. Qf3 h5 8. Nxc6 Qxc6 9. a4 Bb4 10. Bd2 Ne7 11. Bd3 b6 12. O-O Bb7 13. h3 f6 14. Qe2 g5 15. f4 g4 16. h4 Kf7 17. f5 e5 18. Kh2 Rac8 19. Nb1 Bxd2 20. Nxd2 d5 21. c4 dxc4 22. Bxc4+ Kg7 23. Rfc1 Qd6 24. Nf1 Nc6 25. Ng3 Nd4 26. Nxh5+ Kf8 27. Qxg4 Rc7 28. Qg6 Bxe4 29. Be6 Nxe6 30. Qxf6+ Kg8 31. Qg6+ Kf8 32. Qf6+ Kg8 33. Rxc7 Qxc7 34. Qxe6+ Qf7 35. Qxe5 Qxh5 36. Qxe4 Qxh4+ 37. Qxh4 Rxh4+ 38. Kg3 Rb4 39. Kf3 Kf7 40. g4 Kf6 41. Rh1 Rb3+ 42. Kf4 Rb4+ 43. Kg3 Rb3+ 44. Kf4 Rb4+ 45. Kg3 Rb3+ 46. Kh4 Rxb2 47. Rc1 Ke7 48. g5 Rf2 49. Kg4 b5 50. axb5 axb5 51. Rb1 Kf7 52. Rxb5 Rg2+ 53. Kh5 Rh2+ 54. Kg4 Rg2+ 55. Kf4 Rf2+ 56. Kg3 Rc2 57. Rb7+ Kf8 58. Kg4 1-0

[Event "3rd President Cup-A 2024"]
[Site "Tashkent"]
[Date "2024.11.27"]
[Round "7.15"]
[White "Rakhmatullaev, Almas"]
[Black "Gareyev, Timur"]
[Result "0-1"]
[ECO "B04"]
[WhiteElo "2410"]
[BlackElo "2552"]
[Annotator "TA"]
[PlyCount "71"]
[EventDate "2024.11.22"]
[EventType "swiss"]
[EventCountry "UZB"]
[SourceTitle "playchess.com"]
[Source "ChessBase"]
[SourceQuality "1"]
[TimeControl "5400+30"]

1. e4 Nf6 2. e5 Nd5 3. d4 d6 4. Nf3 dxe5 5. Nxe5 c6 6. Be2 Bf5 7. O-O $1 Nd7 8. Nf3 e6 {[%emt 0:04:06][%cal Be7e6,Be6e5][%mdl 32] White is slightly better.} 9. c4 N5f6 10. Nc3 Bd6 11. Nh4 Bg6 12. Nxg6 hxg6 13. g3 e5 14. d5 {[%emt 0:00:00] [#] Threatens to win with dxc6.} Bc5 15. Bf3 Rc8 16. Bg5 Qc7 17. Bg4 (17. a3 $14) 17... Bd4 18. Rc1 Nxg4 19. Qxg4 f5 20. Qe2 Nf6 $1 21. Rfd1 O-O 22. Bxf6 gxf6 23. h4 Kg7 24. Kg2 Rh8 25. b4 Qf7 26. d6 ({White should try} 26. Qf3 $11) 26... g5 (26... a5 $15 27. a3 (27. bxa5 Rhd8 $15) 27... Ra8) 27. hxg5 (27. Qd3 $11) 27... fxg5 $17 28. Rh1 Rcd8 29. c5 $2 {[%emt 0:00:57][%mdl 8192] This costs White the game.} (29. Qd3 $17 {is tougher.}) 29... Rxh1 $19 30. Kxh1 (30. Rxh1 $142 Bxc3 31. Qc2) 30... g4 31. Kg1 Rh8 {[%emt 0:00:34] [#] ( -> ...Qh5)} 32. Qe1 f4 {[%emt 0:02:14] Black mates.} 33. Qe4 Qh5 ({Stronger than} 33... fxg3 34. Qxg4+ Kf8 (34... Qg6 35. Qxg6+ Kxg6 36. Ne4 $15) 35. Qc8+ (35. Qxg3 $2 Rg8 $19) 35... Kg7 36. Qg4+ Qg6 37. Qxg6+ Kxg6 38. Ne4 $11) 34. Kf1 f3 ({Weaker is} 34... Qh1+ 35. Qxh1 Rxh1+ 36. Kg2 Rxc1 37. d7 f3+ (37... Rxc3 38. gxf4 Rf3 39. d8=Q $14) 38. Kh2 $11) 35. Ke1 Qg5 36. Qf4 {[%emt 0:01:32] Weighted Error Value: White=0.65/Black=0.05 (flawless) .  Loses game:     	White=1     	---        Mistake:       	White=4     	Black=1      Inaccurate:     	White=1     	---        OK:         	White=9     	Black=11     Best:        	---       	Black=2      Strong:       	White=1     	Black=1} 0-1

[Event "3rd President Cup-A 2024"]
[Site "Tashkent"]
[Date "2024.11.27"]
[Round "7.18"]
[White "Nikitenko, Mihail"]
[Black "Akhilbay, Imangali"]
[Result "1-0"]
[ECO "D37"]
[WhiteElo "2490"]
[BlackElo "2306"]
[Annotator "TA"]
[PlyCount "63"]
[EventDate "2024.11.22"]
[EventType "swiss"]
[EventCountry "UZB"]
[SourceTitle "playchess.com"]
[Source "ChessBase"]
[SourceQuality "1"]
[TimeControl "5400+30"]

1. Nf3 d5 2. d4 e6 3. c4 Nf6 4. Nc3 a6 5. cxd5 exd5 6. Bg5 Be6 7. e3 Nbd7 8. Bd3 {[%emt 0:00:06] The position is equal.} h6 9. Bh4 g5 10. Bg3 Nh5 11. Be5 Nhf6 12. Bg3 Nh5 13. Qc2 Nxg3 14. hxg3 Bg7 15. Rd1 O-O 16. Bh7+ Kh8 17. Bf5 Kg8 {[%emt 0:15:12] [#]} 18. Ne2 {[%emt 0:02:19] White has more active pieces.} (18. Bxe6 $1 $16 fxe6 19. O-O) 18... Nf6 {[%emt 0:12:12] Loses the game.} (18... Re8 $11 {and Black has nothing to worry.}) 19. Bxe6 $18 fxe6 20. Qg6 Ne4 21. Qxe6+ Kh7 22. Nc3 Nxc3 23. bxc3 a5 (23... Rf6 {was necessary.} 24. Qh3 (24. Nxg5+ Kg6 $14) 24... Kg8) 24. Rb1 Ra6 25. Qg4 Kg8 26. Rxb7 Qd6 27. O-O Qc6 28. Rfb1 Qxc3 29. Qd7 Rf7 $2 (29... Rd6 30. Qxc7 Qxc7 31. Rxc7 Re8) 30. Qxd5 {[%emt 0:02:07] [#] White wants to mate with Rb8+. White is clearly winning.} Rd6 31. Rb8+ Bf8 32. Qe4 {[%emt 0:00:04] Weighted Error Value: White=0.10 (very precise) /Black=0.31.  Loses game:     	---       	Black=1      Mistake:       	White=1     	Black=2      Inaccurate:     	---       	Black=1      OK:         	White=15    	Black=7      Best:        	White=1     	Black=3} 1-0

[Event "3rd President Cup-A 2024"]
[Site "Tashkent"]
[Date "2024.11.27"]
[Round "7.19"]
[White "Usov, Aleksandr E."]
[Black "Urazayev, Arystanbek"]
[Result "1/2-1/2"]
[ECO "D32"]
[WhiteElo "2314"]
[BlackElo "2480"]
[Annotator "RC"]
[PlyCount "46"]
[EventDate "2024.11.22"]
[EventType "swiss"]
[EventCountry "UZB"]
[SourceTitle "playchess.com"]
[Source "ChessBase"]
[SourceQuality "1"]
[TimeControl "5400+30"]

1. d4 d5 2. c4 e6 3. Nc3 c5 4. cxd5 cxd4 5. Qa4+ Bd7 6. Qxd4 exd5 7. Qxd5 Nf6 8. Qd1 Bc5 9. Nf3 O-O 10. e3 Qe7 11. Be2 Rd8 12. O-O Nc6 13. a3 Bf5 14. Qa4 Ne5 15. e4 Bg4 16. Bg5 Nxf3+ 17. Bxf3 Bxf3 18. gxf3 Qe6 19. Rfd1 Qh3 20. Rxd8+ Rxd8 21. Rd1 Bxf2+ 22. Kxf2 Qxh2+ 23. Ke3 Ng4+ 1/2-1/2

[Event "3rd President Cup-A 2024"]
[Site "Tashkent"]
[Date "2024.11.27"]
[Round "7.22"]
[White "Vaibhav Jayant Raut"]
[Black "Nitish Belurkar"]
[Result "0-1"]
[ECO "A27"]
[WhiteElo "2304"]
[BlackElo "2434"]
[Annotator "TA"]
[PlyCount "60"]
[EventDate "2024.11.22"]
[EventType "swiss"]
[EventCountry "UZB"]
[SourceTitle "playchess.com"]
[Source "ChessBase"]
[SourceQuality "1"]
[TimeControl "5400+30"]

1. c4 e5 2. Nc3 Nc6 3. Nf3 f5 4. d4 e4 5. Ng5 Bb4 6. Nh3 Bxc3+ 7. bxc3 d6 8. Nf4 {[%emt 0:09:06] The position is equal.} Nf6 9. e3 Qd7 10. c5 dxc5 11. Ba3 b6 12. dxc5 {[%emt 0:13:50] [#] Black must now prevent Qa4.} g5 13. Ne2 (13. Qa4 $11 Na5 (13... gxf4 14. Rd1 $11) 14. c6 (14. Bb5 $2 c6 $17)) 13... Ba6 $15 {[%emt 0:02:59] Black is more active.} 14. Qxd7+ Nxd7 15. Nd4 Nxd4 16. cxd4 Bxf1 17. Kxf1 ({White should try} 17. Rxf1 $11 Kf7 18. Kd2) 17... bxc5 (17... Nf6 $15) 18. dxc5 (18. Rc1 $11) 18... O-O-O 19. h4 g4 20. Bb2 {[%emt 0:09:49] aiming for c6.} Rhe8 21. Bd4 Ne5 22. Ke2 Nd3 23. f3 {[%emt 0:03:06] [#]} (23. g3 $17) 23... Nf4+ $1 $19 24. Kf2 $2 (24. exf4 $2 exf3+ (24... Rxd4 25. fxg4 fxg4 26. f5 $11) 25. Kf1 (25. Kd3 $2 fxg2 26. Rhc1 g1=Q $19) 25... Rxd4 $19) (24. Kf1 g3 (24... gxf3 25. gxf3 Nd3 26. Ke2 $15) 25. Rg1 (25. Bf6 $2 exf3 26. exf4 Rd2 $19)) 24... Rxd4 25. exd4 {[%emt 0:05:16][%mdl 4096] Endgame. KRR-KRN} (25. exf4 $142 Rd2+ 26. Ke1 Rxg2 (26... exf3+ $2 {perishes.} 27. Kxd2 fxg2 28. Rhe1 $18) 27. fxg4) 25... e3+ {[%emt 0:00:08] Black is clearly winning.} 26. Kg1 g3 27. Re1 (27. Kf1 $142 e2+ 28. Ke1 Nxg2+ 29. Kd2 e1=Q+ (29... e1=B+ $2 30. Kd3 $19) 30. Rhxe1 Nxe1 (30... Rxe1 $2 31. Rxe1 Nxe1 32. Kxe1 $19) 31. Rxe1 Rxe1 32. Kxe1) 27... e2 {[%emt 0:00:32] ( -> ...Nd3)} 28. Rh3 Nh5 29. f4 Re3 (29... Nxf4 $2 {too greedy.} 30. Rxg3 Re4 31. d5 $18) 30. d5 Rd3 {[%emt 0:01:37] Weighted Error Value: White=0.60/Black=0.09 (flawless) .  Mistake:       	White=6     	Black=1      Inaccurate:     	---       	Black=1      OK:         	White=4     	Black=13     Best:        	White=2     	Black=2      Strong:       	---       	Black=1} (30... Nxf4 $142 31. Rxg3 Rxg3) 0-1

[Event "3rd President Cup-A 2024"]
[Site "Tashkent"]
[Date "2024.11.27"]
[Round "7.23"]
[White "Goganov, Aleksey"]
[Black "Nurman, Alua"]
[Result "1-0"]
[ECO "C54"]
[WhiteElo "2465"]
[BlackElo "2330"]
[Annotator "RC"]
[PlyCount "177"]
[EventDate "2024.11.22"]
[EventType "swiss"]
[EventCountry "UZB"]
[SourceTitle "playchess.com"]
[Source "ChessBase"]
[SourceQuality "1"]
[TimeControl "5400+30"]

1. e4 e5 2. Nf3 Nc6 3. Bc4 Bc5 4. O-O Nf6 5. d3 d6 6. c3 a6 7. a4 h6 8. Re1 O-O 9. h3 Ba7 10. Nbd2 Be6 11. Bxe6 fxe6 12. b4 Ne7 13. Nf1 Ng6 14. Ng3 Qd7 15. d4 exd4 16. cxd4 Rae8 17. Be3 Nh7 18. d5 Bxe3 19. Rxe3 Nf4 20. dxe6 Rxe6 21. Rc1 Qf7 22. Qb3 Re7 23. Nf5 Rd7 24. Qb2 Nf6 25. N3d4 Kh7 26. Rf3 Ne6 27. Qc2 Nxd4 28. Nxd4 Kh8 29. Nf5 Qe6 30. Re1 Re8 31. Rfe3 Qf7 32. Rg3 Nh5 33. Rf3 Qe6 34. Nd4 Qg6 35. Rf5 Rde7 36. Re3 Nf6 37. Rg3 Qh7 38. f3 c6 39. Ne2 Nd5 40. Qd2 Ne3 41. Rh5 Nc4 42. Qd4 b5 43. Nf4 Kg8 44. Rg6 Rf7 45. Rf5 Ne5 46. Rxf7 Nxg6 47. Qa7 Nxf4 48. Rxf4 g5 49. Qxh7+ Kxh7 50. Rf7+ Kg6 51. Ra7 bxa4 52. Rxa6 Rc8 53. Rxa4 Kf6 54. Kf2 Ke5 55. Ke3 d5 56. Ra6 dxe4 57. Ra5+ Kd6 58. Kxe4 Rb8 59. Ra4 Rb5 60. Kd3 Rd5+ 61. Kc3 Rd1 62. Ra2 Rg1 63. Re2 Kd5 64. Kd3 Rd1+ 65. Ke3 Rb1 66. Rd2+ Ke5 67. Rc2 Rb3+ 68. Kf2 Rxb4 69. Rxc6 h5 70. Rc8 Rb2+ 71. Kg3 h4+ 72. Kh2 Kf5 73. Rc4 Ra2 74. Rg4 Ra1 75. f4 gxf4 76. Rxh4 Ra2 77. Rh8 Ra1 78. Rh5+ Kg6 79. Rb5 Rf1 80. h4 Kh6 81. Kh3 f3 82. g4 f2 83. Rh5+ Kg6 84. Rg5+ Kh6 85. Kg2 Rh1 86. Rh5+ Kg6 87. Kxf2 Rh3 88. Kg2 Ra3 89. Rf5 1-0